 Dungeon Crawl Stone Soup version 0.30-a0-4-ga7cffc901d (webtiles) character file.

Game seed: 15193671924386188964

99 Setbun the Sneak (level 5, -1/28 HPs)
             Began as a Kobold Enchanter on Aug 20, 2022.
             Slain by a hobgoblin (3 damage)
             ... on level 3 of the Dungeon.
             The game lasted 00:02:10 (3667 turns).

Setbun the Sneak (Kobold Enchanter)                 Turns: 3667, Time: 00:02:11

Health: -1/28      AC:  2    Str:  6    XL:     5   Next: 2%
Magic:  8/8        EV: 16    Int: 16    God:
Gold:   125        SH:  0    Dex: 17    Spells: 8/8 levels left

rFire   . . .      SeeInvis .    a - +1 dagger
rCold   . . .      Faith    .    (no shield)
rNeg    . . .      Spirit   .    b - +0 robe
rPois   .          Reflect  .    (no helmet)
rElec   .          Harm     .    (no cloak)
rCorr   .          Rampage  .    (no gloves)
Will    .....                    (no boots)
Stlth   ++........               (no amulet)
HPRegen 0.09/turn                (no ring)
MPRegen 0.11/turn                (no ring)

@: very slow
A: small, no large weapons, nightstalker 3
a: no special abilities


You were on level 3 of the Dungeon.
You visited 1 branch of the dungeon, and saw 3 of its levels.

You collected 125 gold pieces.

Inventory:

Hand Weapons
 a - a +1 dagger (weapon)
Missiles
 e - 2 throwing nets (quivered)
Armour
 b - a +0 robe (worn)
Jewellery
 g - a +6 ring of strength
 k - an amulet of reflection
Scrolls
 d - a scroll of enchant weapon {unknown}
 f - 2 scrolls of identify {unknown}
 j - a scroll of fog {unknown}
Potions
 c - 2 potions of invisibility
 h - 3 potions of curing {unknown}
 i - a potion of heal wounds


   Skills:
 + Level 3.0 Short Blades
 + Level 3.5 Dodging
 * Level 6.0 Stealth
 - Level 2.1 Spellcasting
 - Level 3.0 Hexes


You had 8 spell levels left.
You didn't know any spells.
Your spell library contained the following spells:

 Spells                   Type           Power      Damage    Failure   Level
 Ensorcelled Hibernation  Hex/Ice        12%        N/A       17%         2
 Confusing Touch          Hex            11%        N/A       19%         3
 Tukima's Dance           Hex            11%        N/A       19%         3
 Magic Dart               Conj           4%         1d3       21%         1
 Dazzling Flash           Conj/Hex       12%        N/A       32%         3


Dungeon Overview and Level Annotations

Branches:
Dungeon (3/15)

Altars:


Innate Abilities, Weirdness & Mutations

You are small and have problems with some larger weapons.
You are completely attuned to the shadows.


Message History

The hobgoblin hits you. The kobold barely misses you.
The gnoll closely misses you.
You are too injured to fight recklessly!
You are too injured to fight recklessly!
You are too injured to fight recklessly!
You are too injured to fight recklessly!
You are too injured to fight recklessly!
You are too injured to fight recklessly!
Your unstable footing causes you to fumble your attack.
The hobgoblin closely misses you. The hobgoblin completely misses you. x2
The kobold completely misses you.
Your unstable footing causes you to fumble your attack.
The gnoll hits you. The hobgoblin barely misses you. x2
The hobgoblin misses you.
You barely miss the kobold. The kobold misses you.
The gnoll closely misses you.
The hobgoblin hits you but does no damage.
The hobgoblin barely misses you. The hobgoblin misses you.
Your unstable footing causes you to fumble your attack.
The kobold hits you but does no damage. The gnoll misses you.
You hit the kobold.
The kobold is heavily wounded.
The hobgoblin closely misses you.
The hobgoblin splashes around in the water.
The hobgoblin completely misses you. The kobold misses you.
The gnoll closely misses you.
You hit the kobold.
You kill the kobold!
The hobgoblin misses you. The hobgoblin closely misses you.
The hobgoblin completely misses you. The gnoll misses you.
Your unstable footing causes you to fumble your attack.
The goblin misses you. The hobgoblin barely misses you. The hobgoblin hits you.
* * * LOW HITPOINT WARNING * * *
The hobgoblin closely misses you.
Your unstable footing causes you to fumble your attack.
The gnoll barely misses you. The goblin barely misses you.
The hobgoblin closely misses you. The hobgoblin hits you.
* * * LOW HITPOINT WARNING * * *
The hobgoblin hits you.
You die...

..# #.# #.#
.####### #.#
#########.#
.......# #.#
##.........#
.##.##.#
#.#####...########
.##.##.#
#÷......#.#
....##.#
###.###...#
....##.# #..######
.##.##.#### ##g###
.......##.## #~g@g#
.#.......#.##.~gg##
.########.####~.~.
.### #...#.≈.~##
...# #...##~.~.
...# #...# ...#
#...### ...#
#.....# ...#
######.###


You could see a gnoll, 3 hobgoblins and a goblin.

Vanquished Creatures
  3 adders
  A worm (D:2)
  5 dart slugs
  6 orcs
  5 endoplasms
  A giant cockroach (D:1)
  5 hobgoblins
  7 kobolds
  2 quokkas (D:2)
  6 ball pythons
  4 bats
  A frilled lizard (D:2)
  8 rats
54 creatures vanquished.

Vanquished Creatures (others)
  60 plants (D:2)
60 creatures vanquished.

Grand Total: 114 creatures vanquished

Notes
Turn   | Place    | Note
-------+----------+-------------------------------------------
     0 | D:1      | Setbun the Kobold Enchanter began the quest for the Orb.
     0 | D:1      | Reached XP level 1. HP: 10/10 MP: 3/3
   377 | D:1      | Reached XP level 2. HP: 10/15 MP: 5/5
  1015 | D:1      | Reached XP level 3. HP: 19/19 MP: 6/6
  1189 | D:1      | Reached skill level 5 in Stealth
  1488 | D:2      | Found a faded altar of an unknown god.
  1493 | D:2      | Got Plato's Essays on the Barrage
  1912 | D:2      | Reached XP level 4. HP: 24/24 MP: 7/7
  3540 | D:3      | Reached skill level 6 in Stealth
  3540 | D:3      | Reached XP level 5. HP: 28/28 MP: 8/8
  3667 | D:3      | Slain by a hobgoblin

Illustrated notes

Levels and vault maps discovered:
D:1:      roderic_dead_forest, layout_basic
D:2:      layout_basic, shapermc_ecumenical_altar_rom_forum, glass_columns_b,
          kennysheep_boxes
D:3:      layout_loops_cross, okawaru_altar_gauntlet_db

Skill      XL: |  1  2  3  4 |
---------------+-------------+-----
Short Blades   | 2 3 |  3.0
Stealth        | 5 6 |  6.0
Dodging        | 3 |  3.5
Spellcasting   | |  2.1
Hexes          | |  3.0

Action                   |  1- 3 |  4- 6 || total
-------------------------+-------+-------++-------
Melee: Dagger            |    67 |   116 ||   183
       Punch             |       |     1 ||     1
  Use: Potion            |     1 |       ||     1
 Stab: Sleeping          |    16 |    12 ||    28
       Distracted        |     1 |     1 ||     2
Armor: Robe              |     3 |    11 ||    14
Dodge: Dodged            |    29 |   107 ||   136

Table legend: (Time is in decaauts)
 A = Elapsed time spent in this place.
 B = Non-inter-level travel time spent in this place.
 C = Inter-level travel time spent in this place.
 D = Time resting spent in this place.
 E = Time spent auto-exploring this place.
 F = Levels seen in this place.
 G = Mean time per level.
                   A        B        C        D        E       F      G
               +--------+--------+--------+--------+--------+-----+--------+
         Total |   3644 |   3608 |     36 |    779 |   2427 |   3 | 1214.7 |
       Dungeon |   3644 |   3608 |     36 |    779 |   2427 |   3 | 1214.7 |
               +--------+--------+--------+--------+--------+-----+--------+

Top non-repeatable levels by time:
     D:2: 1660 daAuts
     D:1: 1311 daAuts
     D:3: 671 daAuts
